 Dungeon Crawl Stone Soup version 0.30.1-11-g7821555f0a (webtiles) character file.

Game seed: 15186515102582826040

184 cdecastro the Cudgeller (level 5, 0/64 HPs)
             Began as an Armataur Warper on Jan 11, 2024.
             Slain by an iguana (3 damage)
             ... on level 3 of the Dungeon.
             The game lasted 00:06:42 (2323 turns).

cdecastro the Cudgeller (Armataur Warper)           Turns: 2323, Time: 00:06:42

Health: 0/64       AC: 22    Str: 19    XL:     5   Next: 36%
Magic:  7/7        EV:  1    Int: 13    God:
Gold:   115        SH:  0    Dex:  9    Spells: 7/7 levels left

rFire   . . .        a - +0 mace
rCold   . . .        (no shield)
rNeg    . . .        l - melded +0 scale mail
rPois   +            s - melded +1 helmet
rElec   .            (cloak currently unavailable)
rCorr   +            (gloves currently unavailable)
SInv    .            (no barding)
Will    .....        (no amulet)
Stlth   +            p - ring of resist corrosion
HPRegen 0.30/turn    (no ring)
MPRegen 0.10/turn

%: roll
@: tree-form
A: stationary, stasis, torment immunity, boosted hp, large, rugged brown scales
3, (deformed body), (armoured tail), roll, long tongue, awkward tongue
a: no special abilities


You were on level 3 of the Dungeon.
You were a tree.
You visited 1 branch of the dungeon, and saw 4 of its levels.

You collected 115 gold pieces.

Inventory:

Hand Weapons
 a - a +0 mace (weapon)
Missiles
 d - 6 boomerangs of dispersal (quivered)
 m - 4 atropa-tipped darts
Armour
 l - a +0 scale mail (melded)
 s - a +1 helmet (melded)
Jewellery
 p - a ring of resist corrosion (left branch)
Wands
 o - a wand of polymorph (8)
Scrolls
 f - 2 scrolls of amnesia {unknown}
 i - 2 scrolls of identify {unknown}
 k - a scroll of fear {unknown}
 n - 3 scrolls of teleportation {unknown}
 r - a scroll of vulnerability {unknown}
Potions
 e - a potion of lignification
 h - 2 potions of might {unknown}
 j - a potion of berserk rage {unknown}
 q - 2 potions of attraction {unknown}


   Skills:
 - Level 1.7 Fighting
 + Level 5.2 Maces & Flails
 - Level 0.8 Throwing
 - Level 1.2 Armour
 - Level 1.3 Dodging
 - Level 1.7 Spellcasting
 - Level 3.0 Translocations


You had 7 spell levels left.
You didn't know any spells.
Your spell library contained the following spells:

 Spells                   Type           Power      Damage    Failure   Level
 Blink                    Tloc           16%        N/A       12%         2
 Lesser Beckoning         Tloc           16%        N/A       12%         2
 Teleport Other           Tloc           8%         N/A       22%         3
 Vhi's Electric Charge    Tloc/Air       10%        N/A       38%         3
 Manifold Assault         Tloc           8%         N/A       58%         4


Dungeon Overview and Level Annotations

Branches:
Dungeon (4/15)
 Temple: D:4-7

Altars:
Vehumet

Shops:
D:1 =

Annotations:
D:3 Grinder
D:4 1 transporter


Innate Abilities, Weirdness & Mutations

You are a tree.
Your roots penetrate the ground, keeping you stationary.
You cannot be teleported.
You are immune to unholy pain and torment.
Your maximum health is greatly increased.
Your equipment is partially melded.
(You are completely covered in rugged brown scales. (AC +3, +7% HP))
((Armour fits poorly on your strangely shaped body.))
((You have a long armoured tail.))
You roll when moving toward enemies. (Rampage)
Your long tongue fully drains potion bottles. (2x potion effects)
Your tongue gives you trouble enunciating. (1.5x scroll delay)


Message History

You are poisoned.
The adder poisons you!
Okay, then.
Unknown command.
You barely miss the adder.
The adder is heavily wounded.
* * * LOW HITPOINT WARNING * * *
You feel sick. The adder bites you but does no damage.
You sock the adder!
You kill the adder!
* * * LOW HITPOINT WARNING * * *
You feel sick.
The iguana hisses menacingly.
Unknown command.
It was a potion of lignification.
You turn into a tree.
Your +1 helmet melds into your body.
Your +0 scale mail melds into your body.
Your roots penetrate the ground.
You slurp down every last drop of the potion of lignification!
You feel sick.
You are no longer poisoned.
The iguana bites you but does no damage.
Unknown command.
You hit the iguana but do no damage.
The iguana bites you but does no damage.
You completely miss the iguana. The iguana bites you.
* * * LOW HITPOINT WARNING * * *
The iguana bites you but does no damage.
You hit the iguana but do no damage.
The iguana bites you but does no damage.
You hit the iguana.
The iguana is lightly wounded.
The iguana bites you but does no damage.
You hit the iguana.
The iguana is moderately wounded.
The iguana bites you but does no damage.
You hit the iguana but do no damage.
The iguana is moderately wounded.
The iguana bites you.
You die...

###.#######
....?..>..#
#.#.#.#.#l#
.....#♣#
#.#.#.#.#
.. #.#...#
## # #.###
#.# #.#


You could see an iguana.

Vanquished Creatures
  Natasha (thrice) (D:2)
  Robin (D:2)
  4 adders
  2 dart slugs
  8 endoplasms
  3 giant cockroaches
  8 goblins
  9 hobgoblins
  8 jackals
  A quokka (D:2)
  2 ball pythons (D:1)
  A bat (D:1)
  2 frilled lizards
  A kobold (D:2)
  4 rats
57 creatures vanquished.

Notes
Turn   | Place    | Note
-------+----------+-------------------------------------------
     0 | D:1      | cdecastro the Armataur Warper began the quest for the Orb.
     0 | D:1      | Reached XP level 1. HP: 18/18 MP: 3/3
    38 | D:1      | Reached skill level 2 in Maces & Flails
   237 | D:1      | Found Gyunorhy's Jewellery Shoppe.
   259 | D:1      | Reached XP level 2. HP: 21/25 MP: 4/4
   387 | D:1      | Reached skill level 3 in Maces & Flails
   736 | D:2      | Noticed Robin
   787 | D:2      | Reached XP level 3. HP: 20/31 MP: 5/5
   787 | D:2      | Killed Robin
   955 | D:2      | Found a radiant altar of Vehumet.
  1259 | D:2      | Reached XP level 4. HP: 38/38 MP: 6/6
  1386 | D:2      | Reached skill level 4 in Maces & Flails
  1466 | D:2      | Noticed Natasha
  1485 | D:2      | Killed Natasha
  1501 | D:2      | Noticed Natasha
  1656 | D:2      | Killed Natasha
  1698 | D:2      | Noticed Natasha
  1746 | D:2      | Killed Natasha
  1747 | D:2      | Reached XP level 5. HP: 31/43 MP: 7/7
  2124 | D:3      | Reached skill level 5 in Maces & Flails
  2224 | D:3      | Noticed Grinder
  2234 | D:3      | Paralysed by Grinder for 3 turns
  2251 | D:3      | Paralysed by Grinder for 2 turns
  2284 | D:3      | Paralysed by Grinder for 2 turns
  2286 | D:3      | Grinder changed into Grinder the neqoxec
  2286 | D:3      | Noticed Grinder
  2287 | D:3      | Grinder the neqoxec changed into Grinder the ynoxinul
  2287 | D:3      | Noticed Grinder
  2289 | D:3      | HP: 1/43 [Grinder the ynoxinul/iron shot (36)]
  2298 | D:4      | Found a transporter.
  2315 | D:3      | HP: 2/43 [poisoned by an adder]
  2323 | D:3      | Slain by an iguana

Illustrated notes

Levels and vault maps discovered:
D:1:      mrwooster_arrival_statue_3, layout_rooms, serial_shops,
          nicolae_shop_crystal, nicolae_hexahallways,
          minmay_misc_feat_more_columns, minmay_misc_feat_iff
D:2:      layout_basic, basic_altar, uniq_robin, uniq_natasha
D:3:      cheibrodos_thug_alley, layout_basic, doesnt_xom_only_xom,
          serial_corexii_hall, corexii_hall_statues_l, corexii_hall_statues_l,
          minmay_cupped, uniq_grinder, uniq_jessica
D:4:      gammafunk_cloud_chamber, layout_rooms, elyvilon_altar_1,
          overflow_temple_1_default

Skill      XL: |  1  2  3  4  5 |
---------------+----------------+-----
Maces & Flails | 2 3 4 5 |  5.2
Fighting       | |  1.7
Throwing       | |  0.8
Armour         | |  1.2
Dodging        | |  1.3
Spellcasting   | |  1.7
Translocations | |  3.0

Action                     |  1- 3 |  4- 6 || total
---------------------------+-------+-------++-------
  Melee: Mace              |   102 |   101 ||   203
         Tailslap          |    11 |     5 ||    16
         Punch             |       |     1 ||     1
  Throw: Boomerang         |       |     1 ||     1
  Evoke: Wand              |       |     2 ||     2
    Use: Potion            |       |     2 ||     2
         Scroll            |       |     1 ||     1
 Armour: Leather armour    |    16 |       ||    16
         Scale mail        |    27 |    60 ||    87
         Skin              |       |     6 ||     6
  Dodge: Dodged            |    40 |    36 ||    76
